 Dungeon Crawl Stone Soup version 0.19.1-1-g22dce08 (webtiles) character file.

487 Jerry the Ducker (level 7, -6/45 HPs)
             Began as a Halfling Gladiator on Jan 1, 2017.
             Killed from afar by an orc wizard (8 damage)
             ... with a magic dart
             ... on level 4 of the Dungeon.
             The game lasted 00:08:25 (3525 turns).

Jerry the Ducker (Halfling Gladiator)               Turns: 3525, Time: 00:08:25

Health: -6/45      AC:  5    Str: 16    XL:     7   Next: 36%
Magic:  7/7        EV: 18    Int:  6    God:
Gold:   171        SH:  6    Dex: 17    Spells: 0 memorised, 6 levels left

rFire  . . .     SeeInvis .     a - +0 long sword
rCold  . . .     Gourm    .     b - +0 leather armour
rNeg   . . .     Faith    .     (shield restricted)
rPois  .         Spirit   .     c - +0 helmet
rElec  .         Reflect  +     (no cloak)
rCorr  .         Harm     .     n - +0 pair of gloves
MR     .....                    (no boots)
Stlth  +.........               m - +6 amulet of reflection
                                (no ring)
                                (no ring)

@: very slightly contaminated, hasted, very quick
A: mutation resistance 1
a: no special abilities


You were on level 4 of the Dungeon.
You were not hungry.

You visited 1 branch of the dungeon, and saw 4 of its levels.

You collected 171 gold pieces.

Inventory:

Hand Weapons
 a - a +0 long sword (weapon)
Missiles
 d - 3 throwing nets (quivered)
Armour
 b - a +0 leather armour (worn)
 c - a +0 helmet (worn)
 n - a +0 pair of gloves (worn)
Jewellery
 m - a +6 amulet of reflection (around neck)
Wands
 h - a wand of random effects (27/48)
Scrolls
 g - 4 scrolls of identify
 k - 3 scrolls of fog {unknown}
 q - 2 scrolls of magic mapping
 r - 2 scrolls of recharging {unknown}
Potions
 e - a potion of flight
 j - 3 potions of curing
Comestibles
 f - 4 bread rations
 l - 4 fruits
 o - a beef jerky
 p - 2 chunks of flesh
 s - a meat ration


   Skills:
 - Level 2.1 Fighting
 + Level 5.3 Long Blades
 - Level 2.0 Throwing
 + Level 4.0 Armour
 + Level 5.4 Dodging


You had 6 spell levels left.
You didn't know any spells.

Dungeon Overview and Level Annotations

Branches:
Dungeon (4/15)
 Temple: D:4-7

Altars:
Gozag
Vehumet


Innate Abilities, Weirdness & Mutations

You are small and have problems with some larger weapons.
You are somewhat resistant to further mutation.


Message History

The orc wizard blinks!
You block the orc's attack. The orc closely misses you.
The orc wizard hits you with a dagger.
* * * LOW HITPOINT WARNING * * *
You hit the orc wizard but do no damage.
The orc wizard is heavily wounded.
The orc barely misses you. x2; The orc wizard completely misses you.
You riposte.
You hit the orc wizard.
The orc wizard is severely wounded.
The orc misses you.
You closely miss the orc wizard.
The orc wizard is severely wounded.
You block the orc wizard's attack. The orc misses you.
The orc hits you with a short sword.
* * * LOW HITPOINT WARNING * * *
Unknown command.
You closely miss the orc wizard.
The orc wizard is severely wounded.
The orc wizard gestures at you while chanting.
The magic dart hits you!
You die...

. ...# .## ...# ..
.... #.# ..[# oo
.... #o .#.# #o####
.#.#####.## #o@o.#
.#.#<..<.......o##.#
.....# .######
#.####.# #######
##...## .####
#......# #.....#
##.#..##
......##..#####
#.....# #.....##
#...##### #.....#
###....###
###.....#####.....#
##.#...#
#####...........#
#..##.##
#######.....#


You could see 2 orc wizards and 5 orcs.

Vanquished Creatures
  Sigmund (D:4)
  Blork the orc (D:4)
  Natasha (thrice) (D:2)
  An orc wizard (D:4)
  A worker ant (D:4)
  5 adders
  2 oozes
  A worm (D:3)
  3 dart slugs
  2 leopard geckos
  4 orcs (D:3)
  2 ball pythons
  6 giant cockroaches
  8 goblins
  7 hobgoblins
  14 jackals
  5 kobolds
  7 bats
  A leopard gecko skeleton (D:4)
  9 rats
83 creatures vanquished.

Notes
Turn   | Place    | Note
-------+----------+-------------------------------------------
     0 | D:1      | Jerry the Halfling Gladiator began the quest for the Orb.
     0 | D:1      | Reached XP level 1. HP: 14/14 MP: 1/1
    54 | D:1      | Reached XP level 2. HP: 9/19 MP: 2/2
   285 | D:1      | Reached skill level 1 in Armour
   294 | D:1      | Reached XP level 3. HP: 19/24 MP: 3/3
   887 | D:2      | Reached XP level 4. HP: 26/29 MP: 4/4
   988 | D:2      | Noticed Natasha
   995 | D:2      | Killed Natasha
  1182 | D:2      | Noticed Natasha
  1192 | D:2      | Killed Natasha
  1192 | D:2      | Reached XP level 5. HP: 16/34 MP: 5/5
  1512 | D:2      | Noticed Natasha
  1521 | D:2      | Killed Natasha
  2368 | D:3      | Reached XP level 6. HP: 31/39 MP: 6/6
  2427 | D:3      | Found a radiant altar of Vehumet.
  2576 | D:3      | Found an opulent altar of Gozag.
  3015 | D:4      | Noticed Blork the orc
  3027 | D:4      | Killed Blork the orc
  3418 | D:4      | Noticed Sigmund
  3441 | D:4      | Killed Sigmund
  3441 | D:4      | Reached skill level 5 in Long Blades
  3441 | D:4      | Reached skill level 5 in Dodging
  3441 | D:4      | Reached XP level 7. HP: 26/45 MP: 7/7
  3524 | D:4      | HP: 2/45 [orc/short sword (3)]
  3525 | D:4      | Killed from afar by an orc wizard

Skill      XL: |  1  2  3  4  5  6 |
---------------+-------------------+-----
Fighting       | 2 |  2.1
Armour         | 1 2 4 |  4.0
Dodging        | 4 5 |  5.4
Long Blades    | 4 5 |  5.3
Throwing       | |  2.0

Action                   |  1- 3 |  4- 6 |  7- 9 || total
-------------------------+-------+-------+-------++-------
Melee: Long sword        |   102 |   168 |    17 ||   287
  Use: Scroll            |       |     9 |       ||     9
       Potion            |       |     1 |     1 ||     2
 Stab: Sleeping          |       |     1 |     1 ||     2
  Eat: Chunk             |       |     8 |     1 ||     9
Armor: Leather armour    |    36 |    35 |     4 ||    75
Dodge: Dodged            |   145 |   142 |    16 ||   303
Block: Other             |       |    29 |     8 ||    37
       Reflection        |       |     1 |       ||     1
       Rpst.: Long sword |    54 |    46 |     3 ||   103
